 Dungeon Crawl Stone Soup version 0.31-a0-819-gf6de2f5ab6 (webtiles) character file.

Game seed: 13938281290702217306

3692 Kurtz the Cleaver (level 10, -4/66 (68) HPs)
             Began as an Octopode Fighter on Sept 25, 2023.
             Was a Believer of Makhleb.
             Killed by divine providence
             ... invoked by Jeremiah
              (14 damage)
             ... on level 7 of the Dungeon.
             The game lasted 00:07:03 (7241 turns).

Kurtz the Cleaver (Octopode Fighter)                Turns: 7241, Time: 00:07:03

HP:   -4/66 (68)    AC:  8    Str: 23    XL:     10   Next: 13%
MP:   12/12         EV: 14    Int: 10    God:    Makhleb [**....]
Gold: 401           SH:  6    Dex: 21    Spells: 9/9 levels left

rFire   . . .        C - +1 flail (protect)
rCold   . . .        b - +0 buckler
rNeg    . . .        (helmet restricted)
rPois   .            w - amulet of faith
rElec   .            p - +6 ring of strength
rCorr   .            v - ring of willpower
SInv    .            D - +6 ring of dexterity
Will    +....        (no ring)
Stlth   +++          (no ring)
HPRegen 0.31/turn    (no ring)
MPRegen 0.13/turn    (no ring)
                     (no ring)

%: faith
@: under a protective aura, lightly drained
A: almost no armour, amphibious, 8 rings, camouflage 1, gelatinous body 1,
(nimble swimmer 1), tentacles
a: Renounce Religion, Minor Destruction


You were on level 7 of the Dungeon.
You worshipped Makhleb.
Makhleb was pleased with you.
You visited 2 branches of the dungeon, and saw 8 of its levels.

You collected 401 gold pieces.

Inventory:

Hand Weapons
 a - a +0 war axe
 j - a +2 whip of freezing
 C - a +1 flail of protection (weapon)
Missiles
 o - 8 poisoned darts
 F - a curare-tipped dart
Armour
 b - a +0 buckler (worn)
Jewellery
 p - a +6 ring of strength (left tentacle)
 v - a ring of willpower (right tentacle)
 w - an amulet of faith (around mantle)
 D - a +6 ring of dexterity (on tentacle)
Wands
 x - a wand of flame (18)
 E - a wand of iceblast (3)
Scrolls
 d - 2 scrolls of blinking
 e - a scroll of amnesia
 h - 2 scrolls of noise
 k - 2 scrolls of fog
 m - 2 scrolls of immolation
 r - a scroll of teleportation
 t - a scroll of enchant armour {unknown}
 u - a scroll of torment {unknown}
 y - 2 scrolls of enchant weapon {unknown}
 z - 3 scrolls of poison {unknown}
 A - 2 scrolls of revelation {unknown}
 B - a scroll of butterflies {unknown}
Potions
 c - a potion of might
 f - 2 potions of attraction {unknown}
 g - 2 potions of degeneration {unknown}
 i - 4 potions of curing
 l - 3 potions of lignification {unknown}
 n - 2 potions of invisibility {unknown}
 q - a potion of cancellation {unknown}
 s - 2 potions of heal wounds {unknown}


   Skills:
 * Level 5.7 Fighting
 * Level 12.9 Axes
 - Level 3.0 Dodging
 - Level 3.0 Shields
 * Level 3.7 Invocations


You had 9 spell levels left.
You didn't know any spells.
Your spell library contained the following spells:

 Spells                   Type           Power      Damage    Failure   Level
 Call Canine Familiar     Summ           0%         N/A       80%         3
 Gell's Gravitas          Tloc           0%         N/A       80%         3
 Sigil of Binding         Hex            0%         N/A       80%         3
 Teleport Other           Tloc           0%         N/A       80%         3
 Tukima's Dance           Hex            0%         N/A       80%         3
 Dimensional Bullseye     Hex/Tloc       0%         N/A       99%         4
 Leda's Liquefaction      Hex/Erth       0%         N/A       99%         4
 Passage of Golubria      Tloc           0%         N/A       99%         4
 Alistair's Intoxication  Tmut/Pois      0%         N/A       100%        5
 Borgnjor's Vile Clutch   Necr/Erth      0%         N/A       100%        5
 Yara's Violent Unravell  Hex/Tmut       0%         3d3       100%        5
 Dispersal                Tloc           0%         N/A       100%        6
 Eringya's Noxious Bog    Tmut/Pois      0%         4d6       100%        6
 Haunt                    Necr/Summ      0%         N/A       100%        7
 Borgnjor's Revivificati  Necr           0%         N/A       100%        8
 Death's Door             Necr           0%         N/A       100%        9


Dungeon Overview and Level Annotations

Branches:
Dungeon (7/15)             Temple (1/1) D:4

Altars:
Ashenzari
Cheibriados
Dithmenos
Gozag
Makhleb
Nemelex Xobeh
Okawaru
Qazlal
Ru
Trog
Wu Jian
Yredelemnul
The Shining One

Shops:
D:7 :

Annotations:
D:6 3 runed translucent doors, knightboat's ghost, novice DEHs
D:7 Jeremiah


Innate Abilities, Weirdness & Mutations

You cannot wear most types of armour.
You are amphibious.
You can wear up to eight rings at the same time.
Your skin changes colour to match your surroundings (Stealth+).
Your rubbery body absorbs attacks. (AC +1, EV +1)
((You are camouflaged when in or above water. (Stealth+)))
You have tentacles for arms and can constrict up to eight enemies at once.


Message History

You feel drained.
* * * LOW HITPOINT WARNING * * *
Things that are here:
a +0 club; a +0 leather armour You are too injured to fight recklessly!
Things that are here:
a +0 flail; an orc corpse You are too injured to fight recklessly!
Unknown command.
The butterfly disappears in a burst of colours!
Jeremiah closely misses you.
Things that are here:
a +0 club; a +0 leather armour You are too injured to fight recklessly!
You block Jeremiah's attack.
You are too injured to fight recklessly!
You closely miss the butterfly. Your grab misses the butterfly.
Jeremiah barely misses you.
You are too injured to fight recklessly!
Unknown command.
You are too injured to fight recklessly!
You thump the butterfly!
Your weapon exudes an aura of protection.
You kill the butterfly!
The butterfly disappears in a burst of colours!
Jeremiah hops!
You are too injured to fight recklessly!
You completely miss the butterfly. You grab the butterfly.
You constrict the butterfly.
You kill the butterfly!
The butterfly disappears in a burst of colours!
You are too injured to fight recklessly!
Unknown command.
You sock the butterfly!
You kill the butterfly!
The butterfly disappears in a burst of colours! x2
Jeremiah shouts, "O dreadful one, destroy my foe!"
Something smites you!
You die...
Jeremiah asks, "What happened?
Did... did you die?"

.# ######......# .#
#.##...# .# #b#.......
)# ##b######## .# #.bF#
.# #)bb# )# #).)# #
.###### ##.###.))#b###.#
...............)@.b.b.b#
#######.##.####.##°..bbb
#.# ####.. #.. #### ###
.. .#


You could see Jeremiah.

Vanquished Creatures
  Pikel (D:7)
  Prince Ribbit (D:7)
  Grinder (D:4)
  Sigmund (D:2)
  Menkaure (D:4)
  2 water moccasins
  2 black bears
  Duvessa (D:7)
  An ogre (D:7)
  3 ice beasts
  4 lemures (D:7)
  2 phantoms (D:4)
  A kobold brigand (D:7)
  2 bullfrogs
  A scorpion (D:5)
  A gnoll sergeant (D:7)
  4 wights (D:7)
  Dowan (D:7)
  4 killer bees (D:7)
  Crazy Yiuf (D:3)
  A hound (D:5)
  A jelly (D:7)
  An orc priest (D:5)
  2 gnoll boudas
  Natasha (thrice) (D:4)
  3 iguanas
  An orc wizard (D:5)
  4 sleepcaps
  12 adders
  9 gnolls
  3 white imps
  An ufetubus (D:6)
  2 worms
  5 dart slugs
  25 orcs
  8 bats
  4 endoplasms
  4 giant cockroaches
  16 goblins
  4 hobgoblins
  4 jackals (D:4)
  10 kobolds
  A quokka (D:2)
  4 ball pythons
  2 frilled lizards
  4 rats
169 creatures vanquished.

Notes
Turn   | Place    | Note
-------+----------+-------------------------------------------
     0 | D:1      | Kurtz the Octopode Fighter began the quest for the Orb.
     0 | D:1      | Reached XP level 1. HP: 16/16 MP: 1/1
   120 | D:1      | Reached XP level 2. HP: 21/21 MP: 2/2
   349 | D:1      | Reached skill level 3 in Axes
   793 | D:2      | Reached XP level 3. HP: 5/26 MP: 3/3
   894 | D:2      | Noticed Sigmund
   904 | D:2      | Killed Sigmund
   905 | D:2      | Reached skill level 5 in Axes
   905 | D:2      | Reached XP level 4. HP: 14/31 MP: 4/4
   905 | D:2      | Reached XP level 5. HP: 17/36 MP: 5/5
   907 | D:2      | Reached skill level 6 in Axes
  1252 | D:2      | Reached XP level 6. HP: 37/42 MP: 6/6
  1274 | D:2      | Identified the +3 dagger "Adui" {drain, rPois Will+ Int+3}
  1961 | D:3      | Found a runed translucent door.
  1962 | D:3      | Noticed Crazy Yiuf
  2250 | D:4      | Noticed Menkaure
  2260 | D:4      | Killed Menkaure
  2261 | D:4      | Reached skill level 7 in Axes
  2570 | D:4      | Reached XP level 7. HP: 21/46 MP: 7/7
  2823 | D:4      | Noticed Grinder
  2831 | D:4      | Killed Grinder
  2832 | D:4      | Reached skill level 8 in Axes
  3026 | D:4      | Noticed Natasha
  3034 | D:4      | Killed Natasha
  3035 | D:4      | Reached skill level 9 in Axes
  3035 | D:4      | Reached XP level 8. HP: 30/52 MP: 8/8
  3142 | D:4      | Found a staircase to the Ecumenical Temple.
  3194 | D:4      | Noticed Natasha
  3199 | D:4      | Killed Natasha
  3228 | Temple   | Entered the Ecumenical Temple
  3248 | Temple   | Became a worshipper of Makhleb the Destroyer
  3385 | D:4      | Noticed Natasha
  3391 | D:4      | Killed Natasha
  3821 | D:3      | Killed Crazy Yiuf
  3900 | D:5      | Entered Level 5 of the Dungeon
  4564 | D:5      | Reached skill level 10 in Axes
  4594 | D:5      | Reached skill level 1 in Invocations
  4952 | D:5      | Found a broken altar of Ashenzari.
  5164 | D:6      | Found a stormy altar of Qazlal.
  5353 | D:6      | Noticed knightboat's ghost (novice DEHs)
  5567 | D:6      | Reached * piety under Makhleb
  5568 | D:6      | Reached XP level 9. HP: 29/58 MP: 10/10
  5722 | D:6      | Reached skill level 11 in Axes
  5974 | D:6      | Found a runed translucent gate.
  5975 | D:6      | Found a runed translucent gate.
  5977 | D:6      | Found a runed translucent gate.
  6290 | D:7      | Noticed Prince Ribbit
  6294 | D:7      | Killed Prince Ribbit
  6381 | D:7      | Found an iron altar of Okawaru.
  6463 | D:7      | Identified the +3 kite shield "Quosevy" {*Slow rElec Will+
                  | Regen+ Str+2}
  6532 | D:7      | Found Tion Eseto's Vocational Training.
  6598 | D:7      | Noticed Pikel
  6635 | D:7      | Killed Pikel
  6636 | D:7      | Reached skill level 12 in Axes
  6706 | D:7      | Reached skill level 5 in Fighting
  6743 | D:7      | Reached ** piety under Makhleb
  6835 | D:7      | Noticed Duvessa
  6838 | D:7      | Noticed Dowan
  6856 | D:7      | Killed Dowan
  6857 | D:7      | Killed Duvessa
  6858 | D:7      | Reached XP level 10. HP: 33/66 MP: 12/12
  7206 | D:7      | Noticed Jeremiah
  7241 | D:7      | Killed from afar by Jeremiah

Illustrated notes

Levels and vault maps discovered:
D:1:      minmay_arrival_glassed_features, layout_basic
D:2:      kennysheep_the_goblin_king, layout_rooms, grunt_decor_one_mirror,
          minivault_26, uniq_sigmund
D:3:      layout_basic, uniq_crazy_yiuf_cottage
D:4:      layout_basic, temple_doors_cd, uniq_natasha, uniq_grinder,
          uniq_menkaure
D:5:      layout_basic, cheibrodos_ashenzari_chains, st_stairs_4,
          hangedman_decor_growths
D:6:      layout_layer_cave, nicolae_qazlal_general_emergency,
          gammafunk_ghost_split
D:7:      layout_basic, old_standard_altar, enter_bailey_3,
          nicolae_shop_vocational, uniq_jeremiah, uniq_pikel, uniq_duvessa,
          uniq_prince_ribbit1
Temple:   nicolae_temple_bog_church

Skill      XL: |  1  2  3  4  5  6  7  8  9 |
---------------+----------------------------+-----
Axes           | 3 5 6 7 9 10 12 | 12.9
Invocations    | 1 3 |  3.7
Fighting       | 5 |  5.7
Dodging        | |  3.0
Shields        | |  3.0

Action                     |  1- 3 |  4- 6 |  7- 9 | 10-12 || total
---------------------------+-------+-------+-------+-------++-------
  Melee: War axe           |    35 |    60 |   106 |       ||   201
         Constrict         |     7 |    15 |    54 |    11 ||    87
         Tentacles         |     5 |    15 |    58 |     6 ||    84
         Punch             |       |     2 |     1 |     1 ||     4
         Flail             |       |       |   133 |    37 ||   170
    Use: Scroll            |       |       |     7 |       ||     7
         Potion            |       |       |     2 |       ||     2
   Stab: Sleeping          |     4 |     9 |     2 |     1 ||    16
 Armour: Skin              |    22 |    20 |   114 |    32 ||   188
  Dodge: Dodged            |    15 |    26 |   130 |    54 ||   225
  Block: Buckler           |     4 |     4 |    55 |    16 ||    79

Table legend: (Time is in decaauts)
 A = Elapsed time spent in this place.
 B = Non-inter-level travel time spent in this place.
 C = Inter-level travel time spent in this place.
 D = Time resting spent in this place.
 E = Time spent auto-exploring this place.
 F = Levels seen in this place.
 G = Mean time per level.
                   A        B        C        D        E       F      G
               +--------+--------+--------+--------+--------+-----+--------+
         Total |   7289 |   6949 |    340 |   1322 |   4463 |   8 |  911.1 |
       Dungeon |   7152 |   6845 |    307 |   1222 |   4463 |   7 | 1021.7 |
        Temple |    136 |    103 |     33 |    100 |      0 |   1 |  136.0 |
               +--------+--------+--------+--------+--------+-----+--------+

Top non-repeatable levels by time:
     D:4: 1323 daAuts
     D:5: 1263 daAuts
     D:6: 1087 daAuts
     D:7: 1004 daAuts
     D:2: 899 daAuts
     D:1: 791 daAuts
     D:3: 782 daAuts
  Temple: 136 daAuts
